| TOP OF THE 1ST |
|
Modesto Nuts batting - Pitching for Kennewick Bear Cubs : LHP Faustino Fortinho
|
|
Pitching: LHP Faustino Fortinho
|
|
|
Batting: RHB Andre Lowe
|
0-0: Ball 1-0: Ball 2-0: Ball 3-0: Base on Balls
|
|
Batting: RHB Johnny Tutt
|
0-0: Ball 1-0: Called Strike 1-1: Called Strike 1-2: Hit by Pitch Andre Lowe to second
|
|
Batting: LHB Dave McLaughlin
|
0-0: Called Strike 0-1: Swinging Strike 0-2: Fly out, F7 (Flyball, 78D, EV 82.5 MPH)
|
|
Batting: RHB Antonio Lopez
|
0-0: Ball 1-0: Called Strike 1-1: Ball 2-1: Fielders Choice at 2nd, 1-6 (Groundball, 23, EV 66.3 MPH) Andre Lowe to third
|
|
Batting: RHB James Cecchini
|
0-0: Foul Ball, location: 2F 0-1: Ball 1-1: Ball 2-1: Swinging Strike 2-2: Ball 3-2: Ground out 3-1 (Groundball, 34S, EV 70.6 MPH)
|
| Top of the 1st over - 0 runs, 0 hits, 0 errors, 2 left on base; Modesto 0 - Kennewick 0 |
| BOTTOM OF THE 1ST |
|
Kennewick Bear Cubs batting - Pitching for Modesto Nuts : RHP David del Cid
|
|
Pitching: RHP David del Cid
|
|
|
Batting: RHB Matthew Sferrazza
|
0-0: Swinging Strike 0-1: Ball 1-1: Foul Ball, location: 2F 1-2: Strikes out swinging
|
|
Batting: LHB Steven Morris
|
0-0: Called Strike 0-1: Foul Ball, location: 2F 0-2: Ball 1-2: Ball 2-2: Foul Ball, location: 2F 2-2: Ground out 4-3 (Groundball, 4, EV 100.0 MPH)
|
|
Batting: LHB Jose Birriel
|
0-0: Ball 1-0: Called Strike 1-1: Foul Ball, location: 2F 1-2: Foul Ball, location: 2F 1-2: Foul Ball, location: 2F 1-2: Strikes out looking
|
| Bottom of the 1st over - 0 runs, 0 hits, 0 errors, 0 left on base; Modesto 0 - Kennewick 0 |
| TOP OF THE 2ND |
|
Modesto Nuts batting - Pitching for Kennewick Bear Cubs : LHP Faustino Fortinho
|
|
Batting: LHB Nelson Burciaga
|
0-0: Ball 1-0: Ball 2-0: Foul Ball, location: 2F 2-1: Foul Ball, location: 2F 2-2: Strikes out swinging
|
|
Batting: RHB Jesus Vila
|
0-0: Ball 1-0: Foul Ball, location: 2F 1-1: Swinging Strike 1-2: Strikes out looking
|
|
Batting: RHB Larry Tribble
|
0-0: Swinging Strike 0-1: Ball 1-1: Swinging Strike 1-2: Ball 2-2: Foul Ball, location: 2F 2-2: Foul Ball, location: 2F 2-2: Foul Ball, location: 2F 2-2: Strikes out swinging
|
| Top of the 2nd over - 0 runs, 0 hits, 0 errors, 0 left on base; Modesto 0 - Kennewick 0 |
| BOTTOM OF THE 2ND |
|
Kennewick Bear Cubs batting - Pitching for Modesto Nuts : RHP David del Cid
|
|
Batting: RHB Jonathan Black
|
0-0: Called Strike 0-1: Ball 1-1: Ground out 6-3 (Groundball, 6M, EV 109.4 MPH)
|
|
Batting: RHB Roger Jensen
|
0-0: Ball 1-0: Called Strike 1-1: Ball 2-1: Ball 3-1: Base on Balls
|
|
Batting: RHB Ruben Machado
|
0-0: Swinging Strike 0-1: Fly out, F4 (Popup, 34, EV 50.0 MPH)
|
|
Batting: SHB Eriberto Them
|
0-0: Foul Ball, location: 2F 0-1: Ball 1-1: Called Strike Roger Jensen steals 2nd base 1-2: Ball 2-2: Foul Ball, location: 2F 2-2: Ball 3-2: Foul Ball, location: 2F 3-2: DOUBLE (Groundball, 3L, EV 100.0 MPH) Roger Jensen scores
|
|
Batting: LHB Shane Fairbanks
|
0-0: Ball 1-0: SINGLE (Groundball, 4M, EV 107.5 MPH) (infield hit) Eriberto Them to third
|
|
Batting: RHB Gary Tremblay
|
0-0: Called Strike 0-1: Foul Ball, location: 2F 0-2: Foul Ball, location: 2F 0-2: Ball 1-2: Ball 2-2: Ball 3-2: Base on Balls Shane Fairbanks to second
|
|
Batting: RHB Matthew Sferrazza
|
0-0: SINGLE (Groundball, 6MD, EV 99.4 MPH) Eriberto Them scores Shane Fairbanks to third Gary Tremblay to second Runner from 3rd tries for Home, SAFE, throw by CF to home
|
|
Batting: LHB Steven Morris
|
0-0: Called Strike 0-1: Foul Ball, location: 2F 0-2: SINGLE (Line Drive, 9, EV 93.1 MPH) Gary Tremblay to third Matthew Sferrazza to second Runner from 3rd tries for Home, SAFE, throw by RF to home
|
|
Batting: LHB Jose Birriel
|
0-0: Ball 1-0: Ground out 4-3 (Groundball, 4, EV 86.9 MPH)
|
| Bottom of the 2nd over - 4 runs, 4 hits, 0 errors, 2 left on base; Modesto 0 - Kennewick 4 |
| TOP OF THE 3RD |
|
Modesto Nuts batting - Pitching for Kennewick Bear Cubs : LHP Faustino Fortinho
|
|
Batting: RHB Carlos Leal
|
0-0: Ball 1-0: Fly out, F2 (Popup, 2LF, EV 90.0 MPH)
|
|
Batting: RHB Andre Lowe
|
0-0: Ball 1-0: SINGLE (Flyball, 8RS, EV 90.0 MPH)
|
|
Batting: RHB Johnny Tutt
|
0-0: Ball 1-0: Foul Ball, location: 2F 1-1: Fly out, F9 (Line Drive, 9, EV 86.3 MPH)
|
|
Batting: LHB Dave McLaughlin
|
0-0: Ball 1-0: Fly out, F9 (Flyball, 9LS, EV 94.4 MPH)
|
| Top of the 3rd over - 0 runs, 1 hit, 0 errors, 1 left on base; Modesto 0 - Kennewick 4 |
| BOTTOM OF THE 3RD |
|
Kennewick Bear Cubs batting - Pitching for Modesto Nuts : RHP David del Cid
|
|
Batting: RHB Jonathan Black
|
0-0: Ball 1-0: Fly out, F4 (Popup, 4, EV 72.5 MPH)
|
|
Batting: RHB Roger Jensen
|
0-0: Called Strike 0-1: Ball 1-1: Foul Ball, location: 2F 1-2: Ball 2-2: Foul Ball, location: 2F 2-2: Ground out 4-3 (Groundball, 4, EV 108.1 MPH)
|
|
Batting: RHB Ruben Machado
|
0-0: Called Strike 0-1: SINGLE (Line Drive, 9S, EV 102.5 MPH)
|
|
Batting: SHB Eriberto Them
|
0-0: Called Strike 0-1: Foul Ball, location: 2F 0-2: Foul Ball, location: 2F 0-2: Foul Ball, location: 2F 0-2: Ground out 4-3 (Groundball, 34, EV 86.3 MPH)
|
| Bottom of the 3rd over - 0 runs, 1 hit, 0 errors, 1 left on base; Modesto 0 - Kennewick 4 |
| TOP OF THE 4TH |
|
Modesto Nuts batting - Pitching for Kennewick Bear Cubs : LHP Faustino Fortinho
|
|
Batting: RHB Antonio Lopez
|
0-0: Ball 1-0: Ball 2-0: TRIPLE (Flyball, 8RXD, EV 90.6 MPH)
|
|
Batting: RHB James Cecchini
|
0-0: Ball 1-0: Called Strike 1-1: Ball 2-1: Ground out 5-3 (Groundball, 56, EV 91.9 MPH) Antonio Lopez scores
|
|
Batting: LHB Nelson Burciaga
|
0-0: Ball 1-0: Ball 2-0: Ball 3-0: Called Strike 3-1: SINGLE (Line Drive, 9LS, EV 99.4 MPH)
|
|
Batting: RHB Jesus Vila
|
0-0: Ball 1-0: Ball 2-0: Swinging Strike 2-1: Fly out, F8 (Flyball, 8RD, EV 93.8 MPH)
|
|
Batting: RHB Larry Tribble
|
0-0: Ball 1-0: Ball 2-0: Reached on error, E4 (Groundball, 4, EV 83.1 MPH) Nelson Burciaga to second
|
|
Batting: RHB Carlos Leal
|
0-0: Ball 1-0: Foul Ball, location: 2F 1-1: Fly out, F8 (Flyball, 8RM, EV 81.3 MPH)
|
| Top of the 4th over - 1 run, 2 hits, 1 error, 2 left on base; Modesto 1 - Kennewick 4 |
| BOTTOM OF THE 4TH |
|
Kennewick Bear Cubs batting - Pitching for Modesto Nuts : RHP David del Cid
|
|
Batting: LHB Shane Fairbanks
|
0-0: Called Strike 0-1: Hit by Pitch
|
|
Batting: RHB Gary Tremblay
|
0-0: Called Strike 0-1: Foul Ball, location: 2F 0-2: Ball 1-2: Foul Ball, location: 2F 1-2: Ball 2-2: Ball 3-2: Base on Balls Shane Fairbanks to second
|
|
Batting: RHB Matthew Sferrazza
|
0-0: Ball 1-0: Fly out, F7 (Flyball, 78M, EV 91.9 MPH)
|
|
Batting: LHB Steven Morris
|
0-0: Ball 1-0: Ball 2-0: Foul Ball, location: 2F 2-1: Foul Ball, location: 2F 2-2: Fly out, F7 (Flyball, 78D, EV 105.6 MPH)
|
|
Batting: LHB Jose Birriel
|
0-0: Swinging Strike 0-1: Ball 1-1: Foul Ball, location: 2F 1-2: Ball 2-2: Ground out 4-3 (Groundball, 4S, EV 85.6 MPH)
|
| Bottom of the 4th over - 0 runs, 0 hits, 0 errors, 2 left on base; Modesto 1 - Kennewick 4 |
| TOP OF THE 5TH |
|
Modesto Nuts batting - Pitching for Kennewick Bear Cubs : LHP Faustino Fortinho
|
|
Batting: RHB Andre Lowe
|
0-0: Ball 1-0: Foul Ball, location: 2F 1-1: Ball 2-1: Ball 3-1: Base on Balls
|
|
Batting: RHB Johnny Tutt
|
0-0: Foul Ball, location: 2F 0-1: Reached on error, E6 (Groundball, 6, EV 78.1 MPH) Andre Lowe to second
|
|
Batting: LHB Dave McLaughlin
|
0-0: Fielders Choice at 2nd, 3-6 (Groundball, 3D, EV 87.5 MPH) Andre Lowe to third
|
|
Batting: RHB Antonio Lopez
|
0-0: Called Strike Dave McLaughlin steals 2nd base 0-1: Ball 1-1: Fly out, F9 (Flyball, 9, EV 94.4 MPH) Runner from 3rd tags up, SCORES, no throw by RF
|
|
Batting: RHB James Cecchini
|
0-0: Called Strike 0-1: Ball 1-1: Ball 2-1: Called Strike 2-2: Fly out, F9 (Flyball, 89D, EV 98.8 MPH)
|
| Top of the 5th over - 1 run, 0 hits, 1 error, 1 left on base; Modesto 2 - Kennewick 4 |
| BOTTOM OF THE 5TH |
|
Kennewick Bear Cubs batting - Pitching for Modesto Nuts : RHP David del Cid
|
|
Batting: RHB Jonathan Black
|
0-0: Ball 1-0: Foul Ball, location: 2F 1-1: Ball 2-1: Foul Ball, location: 2F 2-2: Ball 3-2: Foul Ball, location: 2F 3-2: Foul Ball, location: 2F 3-2: Base on Balls
|
|
Batting: RHB Roger Jensen
|
0-0: DOUBLE (Line Drive, 78D, EV 104.4 MPH) Jonathan Black to third
|
|
Batting: RHB Ruben Machado
|
0-0: Ball 1-0: Foul Ball, location: 2F 1-1: Ball 2-1: Swinging Strike 2-2: Strikes out swinging
|
|
Pitching: LHP David Sweeder
|
|
|
Batting: SHB Eriberto Them
|
0-0: Called Strike 0-1: Called Strike 0-2: Ball 1-2: Foul Ball, location: 2F 1-2: Strikes out swinging
|
|
Batting: LHB Shane Fairbanks
|
0-0: Ball 1-0: Fly out, F7 (Flyball, 7S, EV 80.0 MPH)
|
| Bottom of the 5th over - 0 runs, 1 hit, 0 errors, 2 left on base; Modesto 2 - Kennewick 4 |
| TOP OF THE 6TH |
|
Modesto Nuts batting - Pitching for Kennewick Bear Cubs : LHP Faustino Fortinho
|
|
Batting: LHB Nelson Burciaga
|
0-0: Ball 1-0: DOUBLE (Groundball, 3L, EV 108.8 MPH)
|
|
Batting: RHB Jesus Vila
|
0-0: Swinging Strike 0-1: Fly out, F8 (Flyball, 78D, EV 100.6 MPH) Runner from 2nd tags up, SAFE at 3rd with throw by CF
|
|
Batting: RHB Larry Tribble
|
0-0: Foul Ball, location: 2F 0-1: Called Strike 0-2: Strikes out looking
|
|
Batting: RHB Carlos Leal
|
0-0: Ball 1-0: Called Strike 1-1: Ball 2-1: Called Strike 2-2: Ground out 4-3 (Groundball, 4S, EV 89.4 MPH)
|
| Top of the 6th over - 0 runs, 1 hit, 0 errors, 1 left on base; Modesto 2 - Kennewick 4 |
| BOTTOM OF THE 6TH |
|
Kennewick Bear Cubs batting - Pitching for Modesto Nuts : LHP David Sweeder
|
|
Batting: RHB Gary Tremblay
|
0-0: Ball 1-0: Called Strike 1-1: Swinging Strike 1-2: Ground out 4-3 (Groundball, 4, EV 81.9 MPH)
|
|
Batting: RHB Matthew Sferrazza
|
0-0: Fly out, F9 (Line Drive, 9, EV 90.6 MPH)
|
|
Batting: LHB Steven Morris
|
0-0: Ball 1-0: Foul Ball, location: 2F 1-1: Fly out, F8 (Flyball, 8LD, EV 89.4 MPH)
|
| Bottom of the 6th over - 0 runs, 0 hits, 0 errors, 0 left on base; Modesto 2 - Kennewick 4 |
| TOP OF THE 7TH |
|
Modesto Nuts batting - Pitching for Kennewick Bear Cubs : LHP Faustino Fortinho
|
|
Batting: RHB Andre Lowe
|
0-0: Foul Ball, location: 2F 0-1: Ball 1-1: Ball 2-1: Fly out, F4 (Popup, 13, EV 83.1 MPH)
|
|
Pitching: RHP Bryan Funk
|
|
|
Batting: RHB Johnny Tutt
|
0-0: SINGLE (Groundball, 34D, EV 110.6 MPH)
|
|
Batting: LHB Dave McLaughlin
|
0-0: SINGLE (Groundball, 5S, EV 71.3 MPH) (infield hit) Johnny Tutt to second
|
|
Batting: RHB Antonio Lopez
|
0-0: Called Strike 0-1: Ball 1-1: Fly out, F7 (Flyball, 78D, EV 94.4 MPH)
|
|
Pinch Hitting: RHB Mike Miller
|
0-0: Ball 1-0: Ball 2-0: Swinging Strike 2-1: Called Strike 2-2: Ball 3-2: Base on Balls Johnny Tutt to third Dave McLaughlin to second
|
|
Batting: LHB Nelson Burciaga
|
0-0: Ball 1-0: Foul Ball, location: 2F 1-1: Ball 2-1: Foul Ball, location: 2F 2-2: Foul Ball, location: 2F 2-2: Hit by Pitch Johnny Tutt scores Dave McLaughlin to third Mike Miller to second
|
|
Pinch Hitting: RHB Fred Blair
|
0-0: Foul Ball, location: 2F 0-1: GRAND SLAM HOME RUN (Line Drive, 7D, EV 103.8 MPH), Distance : 375 ft
|
|
Pitching: RHP Glenn Simmons
|
|
|
Batting: RHB Larry Tribble
|
0-0: Ball 1-0: Fly out, F7 (Flyball, 78D, EV 88.1 MPH)
|
| Top of the 7th over - 5 runs, 3 hits, 0 errors, 0 left on base; Modesto 7 - Kennewick 4 |
| BOTTOM OF THE 7TH |
|
Kennewick Bear Cubs batting - Pitching for Modesto Nuts : LHP David Sweeder
|
|
Now at C: Fred Blair
|
|
|
Now at SS: Mike Miller
|
|
|
Batting: LHB Jose Birriel
|
0-0: Ball 1-0: Ball 2-0: Fly out, F7 (Flyball, 78D, EV 104.4 MPH)
|
|
Batting: RHB Jonathan Black
|
0-0: Ball 1-0: Ground out 6-3 (Groundball, 56, EV 80.0 MPH)
|
|
Batting: RHB Roger Jensen
|
0-0: Ball 1-0: Called Strike 1-1: Foul Ball, location: 2F 1-2: Ball 2-2: Fly out, F2 (Popup, 2RF, EV 87.5 MPH)
|
| Bottom of the 7th over - 0 runs, 0 hits, 0 errors, 0 left on base; Modesto 7 - Kennewick 4 |
| TOP OF THE 8TH |
|
Modesto Nuts batting - Pitching for Kennewick Bear Cubs : RHP Glenn Simmons
|
|
Batting: RHB Carlos Leal
|
0-0: Ball 1-0: Ball 2-0: Called Strike 2-1: Ball 3-1: Ground out 5-3 (Groundball, 56, EV 101.3 MPH)
|
|
Batting: RHB Andre Lowe
|
0-0: Called Strike 0-1: Ball 1-1: Swinging Strike 1-2: Strikes out swinging
|
|
Batting: RHB Johnny Tutt
|
0-0: Fly out, F8 (Flyball, 89M, EV 94.4 MPH)
|
| Top of the 8th over - 0 runs, 0 hits, 0 errors, 0 left on base; Modesto 7 - Kennewick 4 |
| BOTTOM OF THE 8TH |
|
Kennewick Bear Cubs batting - Pitching for Modesto Nuts : LHP David Sweeder
|
|
Batting: RHB Ruben Machado
|
0-0: Ground out 5-3 (Groundball, 56, EV 101.9 MPH)
|
|
Batting: SHB Eriberto Them
|
0-0: Foul Ball, location: 2F 0-1: Called Strike 0-2: Ground out 5-3 (Groundball, 56S, EV 71.3 MPH)
|
|
Batting: LHB Shane Fairbanks
|
0-0: Called Strike 0-1: Ball 1-1: Swinging Strike 1-2: Strikes out looking
|
| Bottom of the 8th over - 0 runs, 0 hits, 0 errors, 0 left on base; Modesto 7 - Kennewick 4 |
| TOP OF THE 9TH |
|
Modesto Nuts batting - Pitching for Kennewick Bear Cubs : RHP Glenn Simmons
|
|
Batting: LHB Dave McLaughlin
|
0-0: Ball 1-0: Ball 2-0: Foul Ball, location: 2F 2-1: Foul Ball, location: 2F 2-2: Strikes out swinging
|
|
Batting: RHB Antonio Lopez
|
0-0: Ball 1-0: Fly out, F3 (Popup, 3SF, EV 79.4 MPH)
|
|
Batting: RHB Mike Miller
|
0-0: Called Strike 0-1: Ball 1-1: Ball 2-1: Foul Ball, location: 2F 2-2: Ball 3-2: Foul Ball, location: 2F 3-2: Base on Balls
|
|
Batting: LHB Nelson Burciaga
|
0-0: Ball 1-0: Called Strike 1-1: Ball 2-1: Ball 3-1: Ground out 4-3 (Groundball, 4, EV 84.4 MPH)
|
| Top of the 9th over - 0 runs, 0 hits, 0 errors, 1 left on base; Modesto 7 - Kennewick 4 |
| BOTTOM OF THE 9TH |
|
Kennewick Bear Cubs batting - Pitching for Modesto Nuts : LHP David Sweeder
|
|
Now at 1B: Jeff Mace
|
|
|
Batting: RHB Gary Tremblay
|
0-0: Ball 1-0: Foul Ball, location: 2F 1-1: Foul Ball, location: 2F 1-2: Strikes out looking
|
|
Batting: RHB Matthew Sferrazza
|
0-0: Ball 1-0: Ball 2-0: Foul Ball, location: 2F 2-1: Foul Ball, location: 2F 2-2: Strikes out swinging
|
|
Batting: LHB Steven Morris
|
0-0: Ball 1-0: Foul Ball, location: 2F 1-1: Ball 2-1: Foul Ball, location: 2F 2-2: Strikes out swinging
|
| Bottom of the 9th over - 0 runs, 0 hits, 0 errors, 0 left on base; Modesto 7 - Kennewick 4 |
|